Map: Simulacrum LE

Players

ShoWTimE - Winner!

  • Race: Protoss Protoss
  • League: Grandmaster
  • Spawn Location: 5:00

Bunny

  • Race: Terran Terran
  • League: Diamond
  • Spawn Location: 11:00

VOD

Have the link to the VOD?

Description

Time

  • Played on: Jan. 14, 2020, 12:26 p.m.
  • Length: 21:15
Show
View Real Time Build Order
Export as new Build Order

ShoWTimE Protoss - Winner!

Build Orders: 1 Gate Expand, Oracle Opening 

Get SALT Encoding   

  12  0:00  Probe  
  13  0:12  Probe  
  14  0:17  Pylon  
  14  0:24  Probe (Chrono Boost)  
  15  0:36  Probe (Chrono Boost)  
  15  0:37  Gateway  
  16  0:44  Probe (Chrono Boost)  
  16  0:46  Assimilator  
  17  0:51  Probe  
  18  1:03  Probe  
  19  1:15  Probe  
  20  1:22  Nexus  
  20  1:33  Cybernetics Core  
  20  1:35  Probe  
  21  1:41  Assimilator  
  21  1:47  Probe  
  21  1:51  Pylon  
  22  1:59  Probe  
  23  2:06  Adept (Chrono Boost)  
  23  2:11  Probe  
  26  2:18  Stargate  
  26  2:24  Probe (Chrono Boost)  
  26  2:27  Adept (Chrono Boost)  
  29  2:33  Warp Gate  
  29  2:34  Probe (Chrono Boost)  
  30  2:44  Probe x2 (Chrono Boost)  
  32  2:49  Probe (Chrono Boost), Adept  
  32  2:50  Probe  
  36  3:01  Probe  
  36  3:02  Probe  
  36  3:05  Oracle (Chrono Boost)  
  38  3:06  Pylon  
  41  3:13  Probe  
  41  3:14  Probe  
  43  3:25  Probe  
  43  3:26  Probe  
  45  3:28  Adept  
  45  3:32  Pylon  
  45  3:34  Oracle (Chrono Boost)  
  47  3:37  Probe  
  47  3:38  Probe  
  52  3:44  Gateway  
  52  3:47  Gateway  
  52  3:52  Probe x2  
  54  3:58  Pylon  
  54  4:04  Probe x2  
  56  4:12  Nexus  
  56  4:16  Probe x2  
  58  4:19  Robotics Facility  
  58  4:23  Assimilator  
  58  4:27  Assimilator  
  58  4:28  Probe  
  58  4:29  Probe  
  60  4:35  Twilight Council  
  60  4:40  Probe  
  60  4:41  Probe  
  62  4:46  Stalker  
  62  4:49  Pylon  
  62  4:52  Phoenix  
  66  4:53  Probe x2  
  66  4:55  Stalker  
  70  5:05  Pylon  
  73  5:07  Probe x2, Observer  
  73  5:10  Charge (Chrono Boost)  
  73  5:18  Robotics Bay  
  73  5:19  Probe  
  73  5:21  Gateway  
  74  5:23  Gateway  
  74  5:24  Probe  
  74  5:26  Probe  
  76  5:31  Probe  
  76  5:34  Immortal (Chrono Boost)  
  77  5:37  Probe  
  77  5:38  Probe  
  83  5:43  Probe  
  83  5:44  Pylon, Sentry  
  83  5:49  Probe  
  87  5:50  Probe  
  87  5:54  Pylon  
  85  6:06  Disruptor (Chrono Boost)  
  85  6:09  Sentry  
  85  6:10  Zealot x2  
  94  6:11  Shield Battery  
  94  6:12  Phoenix  
  94  6:16  Zealot  
  98  6:21  Pylon  
  98  6:23  Pylon  
  98  6:30  Zealot  
  98  6:32  Shield Battery  
  100  6:33  Shield Battery  
  100  6:35  Zealot x3  
  100  6:37  Phoenix  
  100  6:38  Zealot  
  110  6:40  Pylon  
  110  6:46  Disruptor (Chrono Boost)  
  110  6:47  Pylon  
  110  6:50  Forge  
  110  6:51  Forge  
  113  6:55  Zealot x4  
  121  7:03  Zealot  
  121  7:05  Phoenix  
  121  7:06  Probe x2  
  121  7:07  Probe  
  128  7:12  Blink (Chrono Boost)  
  128  7:14  Assimilator  
  128  7:17  Assimilator  
  128  7:18  Probe x2  
  128  7:19  Probe, Pylon  
  128  7:20  Colossus (Chrono Boost)  
  131  7:26  Pylon  
  137  7:30  Probe  
  137  7:31  Zealot x2  
  137  7:35  Protoss Ground Weapons Level 1 (Chrono Boost)  
  142  7:45  Protoss Ground Armor Level 1 (Chrono Boost), Zealot x3  
  148  7:52  Extended Thermal Lance  
  148  8:03  Gateway x2  
  148  8:04  Photon Cannon  
  148  8:06  Gateway  
  148  8:08  Photon Cannon  
  148  8:10  Pylon, Zealot x3  
  154  8:23  Robotics Facility  
  154  8:24  Pylon  
  154  8:26  Observer (Chrono Boost)  
  154  8:36  Zealot x5  
  154  8:38  Pylon  
  163  8:48  Nexus  
  163  8:50  Colossus (Chrono Boost)  
  163  8:51  Pylon  
  165  8:58  Probe x3  
  166  9:04  Pylon  
  166  9:05  Stalker x2  
  170  9:11  Stalker x2  
  174  9:20  Photon Cannon  
  172  9:26  Stalker  
  172  9:27  Stalker x3  
  172  9:28  Probe  
  172  9:29  Probe  
  172  9:30  Probe  
  182  9:36  Stalker  
  182  9:45  Protoss Ground Armor Level 2 (Chrono Boost)  
  182  9:46  Warp Prism (Chrono Boost)  
  182  9:48  Protoss Ground Weapons Level 2 (Chrono Boost)  
  184  9:54  Zealot  
  186  10:03  Stalker x2  
  186  10:05  Probe  
  191  10:10  Probe x3  
  194  10:17  Probe, Dark Shrine  
  195  10:21  Stalker x2  
  199  10:33  Assimilator  
  199  10:36  Assimilator  
  198  10:45  Nexus  
  196  11:06  Photon Cannon  
  196  11:08  Zealot x4  
  192  11:18  Pylon  
  192  11:23  Colossus (Chrono Boost)  
  198  11:34  Photon Cannon  
  198  11:35  Photon Cannon, Dark Templar  
  198  11:37  Photon Cannon  
  198  11:39  Shield Battery  
  198  11:48  Dark Templar x3  
  190  12:01  Zealot x4  
  178  12:08  Disruptor x2 (Chrono Boost)  
  178  12:10  Protoss Ground Weapons Level 3 (Chrono Boost), Protoss Ground Armor Level 3 (Chrono Boost)  
  182  12:18  Probe x3  
  182  12:19  Probe x2, Gateway  
  182  12:20  Gateway  
  187  12:24  Gateway  
  187  12:26  Gateway  
  187  12:29  Stalker x5  
  197  12:33  Templar Archives  
  197  12:36  Photon Cannon  
  197  12:37  Pylon  
  197  12:38  Photon Cannon  
  197  12:40  Shield Battery  
  197  12:42  Pylon  
  197  12:46  Zealot  
  199  12:55  Zealot x4  
  187  13:11  Stalker x4  
  160  13:18  High Templar x7  
  168  13:26  Archon x3  
  154  13:30  Assimilator  
  154  13:34  Assimilator, Stalker  
  154  13:35  Zealot, Stalker x3  
  162  13:46  Probe  
  157  13:58  Nexus, Stalker x6  
  157  14:01  Pylon  
  157  14:02  Phoenix (Chrono Boost)  
  169  14:07  Probe x2  
  169  14:08  Probe x2  
  175  14:19  Probe x2  
  175  14:20  Probe x2  
  179  14:25  Stalker x3  
  181  14:31  Stalker  
  181  14:35  Psionic Storm  
  181  14:37  Phoenix  
  185  14:42  Dark Templar x2  
  189  14:53  Dark Templar x2  
  189  14:54  Observer  
  176  15:07  Zealot x6  
  176  15:10  Probe  
  176  15:11  Probe x2  
  176  15:13  Probe  
  192  15:14  Shadow Stride (Chrono Boost)  
  192  15:23  Probe  
  192  15:26  Probe x2  
  192  15:27  Probe  
  192  15:31  Zealot x4  
  200  15:40  Stalker x3  
  200  15:42  Gravitic Boosters (Chrono Boost)  
  200  15:52  Photon Cannon  
  200  15:54  Photon Cannon  
  200  15:58  Assimilator  
  200  15:59  Assimilator  
  200  16:05  Archon  
  200  16:09  Nexus  
  184  16:22  Dark Templar x3  
  184  16:23  Zealot x5  
  174  16:28  Zealot x4  
  169  16:45  Dark Templar x5  
  179  16:51  Zealot x4  
  187  16:57  Probe  
  187  16:58  Dark Templar  
  190  17:06  Zealot x2  
  185  17:10  Warp Prism x2  
  185  17:15  Zealot x2  
  188  17:20  Probe  
  188  17:21  Probe x3  
  190  17:26  Protoss Shields Level 1 (Chrono Boost)  
  190  17:33  Probe x2  
  190  17:34  Pylon  
  190  17:36  High Templar  
  194  17:37  High Templar  
  194  17:38  High Templar  
  194  17:39  High Templar  
  194  17:40  Protoss Air Weapons Level 1 (Chrono Boost)  
  200  17:45  Gravitic Drive (Chrono Boost)  
  200  17:47  Robotics Facility  
  196  18:07  Stalker  
  196  18:08  Stalker  
  200  18:15  Photon Cannon  
  200  18:18  Photon Cannon  
  200  18:19  Assimilator  
  200  18:20  Photon Cannon  
  200  18:22  Assimilator, Observer  
  178  18:27  Nexus  
  178  18:30  Stalker x11  
  178  18:31  Pylon, Stalker  
  190  18:51  Probe  
  190  18:52  Probe x2  
  190  18:54  Stalker x6  
  184  19:14  Nexus  
  184  19:16  Probe x4  
  184  19:21  Pylon  
  184  19:22  Zealot x5  
  194  19:28  Probe x3  
  194  19:31  Pylon  
  197  19:35  Assimilator  
  195  19:40  Assimilator  
  195  19:42  Zealot x6  
  193  19:50  Disruptor (Chrono Boost)  
  183  19:56  Zealot  
  183  19:57  Zealot x2  
  183  19:58  Disruptor (Chrono Boost)  
  161  20:08  High Templar x4  
  169  20:15  High Templar x2  
  169  20:17  Disruptor (Chrono Boost)  
  176  20:25  Zealot x6  
  176  20:27  Disruptor  
  189  20:41  Stalker x4  
  197  20:47  Archon  
  197  20:49  Stalker x3  
  199  20:52  Dark Templar  
  186  20:58  Dark Templar x2  
  186  21:00  Zealot x2  
  188  21:08  Zealot x4  
Show
View Real Time Build Order
Export as new Build Order

Bunny Terran 

Build Orders: Reaper Expand 

Get SALT Encoding   

  12  0:01  SCV  
  13  0:13  SCV  
  14  0:17  Supply Depot  
  14  0:25  SCV  
  15  0:39  SCV  
  15  0:41  Barracks  
  16  0:44  Refinery  
  16  0:51  SCV  
  17  1:03  SCV  
  18  1:15  SCV  
  19  1:28  Orbital Command  
  19  1:29  Reaper  
  20  1:45  Command Center  
  20  1:55  SCV, Supply Depot  
  20  2:00  Marine  
  22  2:07  SCV  
  23  2:11  Factory  
  23  2:19  SCV  
  24  2:23  Barracks Reactor  
  24  2:26  Refinery  
  24  2:31  SCV, Bunker  
  25  2:43  SCV  
  26  2:55  SCV, Widow Mine  
  26  2:57  Orbital Command  
  29  3:00  Marine x2  
  31  3:06  Starport  
  31  3:09  SCV  
  32  3:17  Widow Mine  
  34  3:21  SCV  
  34  3:24  SCV  
  34  3:25  Marine x2  
  37  3:33  SCV  
  38  3:36  SCV  
  38  3:40  Supply Depot  
  39  3:42  Viking  
  39  3:43  Marine x2  
  39  3:46  SCV  
  39  3:48  SCV  
  45  3:53  Barracks  
  45  3:58  SCV  
  45  4:01  SCV, Barracks  
  47  4:08  Marine, Factory Tech Lab  
  47  4:09  Marine  
  49  4:10  SCV  
  49  4:11  Supply Depot  
  49  4:13  SCV  
  49  4:16  Starport Tech Lab  
  51  4:20  Refinery  
  51  4:22  SCV  
  52  4:25  SCV  
  52  4:27  Marine  
  54  4:33  Marine  
  54  4:34  Supply Depot  
  54  4:36  SCV  
  54  4:38  SCV  
  57  4:43  Starport Reactor  
  57  4:44  Marine  
  56  4:48  SCV, Supply Depot  
  56  4:50  SCV, Marine  
  56  4:51  Stimpack  
  56  4:52  Refinery, Factory Tech Lab  
  59  4:53  Marine  
  59  4:59  Combat Shield, Engineering Bay  
  60  5:02  SCV x2, Marine  
  63  5:07  Supply Depot  
  63  5:11  Siege Tank  
  64  5:14  SCV x2  
  64  5:20  Marauder  
  68  5:23  Marauder  
  68  5:24  Medivac  
  68  5:25  Medivac  
  74  5:29  Terran Infantry Weapons Level 1  
  74  5:30  Marine  
  74  5:31  Marine  
  74  5:34  SCV x2  
  78  5:40  Supply Depot  
  78  5:43  Siege Tank  
  78  5:49  Supply Depot  
  83  5:50  Marauder x2  
  83  5:51  Marine  
  86  5:58  Supply Depot  
  86  6:02  Marine, SCV x2  
  86  6:04  Medivac x2  
  93  6:10  Supply Depot  
  93  6:14  SCV x2  
  95  6:26  SCV x2, Command Center  
  95  6:32  Supply Depot, Marauder x2  
  101  6:33  Marine x2  
  101  6:34  Concussive Shells  
  103  6:40  SCV x2  
  103  6:46  Factory Reactor  
  105  6:49  Barracks  
  105  6:52  Barracks  
  105  6:56  Factory Tech Lab  
  105  6:58  Medivac x2  
  109  7:02  SCV x2  
  109  7:04  Marine, Marauder x2  
  109  7:05  Marine  
  117  7:15  Siege Tank  
  118  7:16  SCV x2  
  120  7:22  Liberator  
  120  7:23  Supply Depot x2, Terran Infantry Armor Level 1, Liberator  
  120  7:28  SCV x2  
  120  7:29  Marine x2  
  124  7:38  Orbital Command  
  124  7:43  SCV x2  
  132  7:46  Marauder x2  
  132  7:47  Barracks Reactor  
  134  7:53  Marauder, Siege Tank  
  134  7:55  SCV x2  
  134  7:58  Refinery  
  141  8:00  Marine  
  141  8:01  Factory  
  142  8:08  SCV x3  
  145  8:17  Refinery  
  145  8:23  Viking x2  
  148  8:27  Supply Depot  
  148  8:28  Supply Depot, Command Center  
  148  8:29  Siege Tank  
  148  8:31  SCV x3  
  153  8:46  Liberator x2  
  153  8:47  Marine, Marauder  
  157  8:49  Marine x3  
  157  8:51  Supply Depot  
  157  8:53  SCV x3  
  157  8:54  Supply Depot  
  158  8:58  Armory, Engineering Bay  
  158  9:01  Siege Tank  
  167  9:12  SCV x3  
  167  9:14  Missile Turret  
  167  9:17  Supply Depot  
  169  9:18  Sensor Tower, Missile Turret  
  169  9:29  SCV x3  
  169  9:31  Factory Tech Lab, Liberator x2  
  172  9:35  Starport, Fusion Core  
  172  9:41  SCV x3  
  175  9:51  Refinery  
  175  9:52  Refinery  
  181  9:59  Planetary Fortress  
  177  10:02  Command Center  
  177  10:06  Barracks  
  176  10:07  Barracks  
  176  10:09  Barracks  
  175  10:22  Terran Infantry Weapons Level 2, Terran Infantry Armor Level 2  
  175  10:24  Command Center  
  175  10:27  Terran Ship Weapons Level 1  
  172  10:30  Marauder x2  
  172  10:31  Marine x3  
  179  10:48  Missile Turret  
  177  10:50  Missile Turret  
  175  11:04  Advanced Ballistics, Starport Reactor  
  173  11:05  Liberator x2  
  173  11:10  Missile Turret, Barracks Reactor, Barracks Tech Lab x2  
  173  11:11  Missile Turret  
  173  11:13  Missile Turret  
  173  11:14  Planetary Fortress  
  173  11:16  Command Center  
  173  11:23  Missile Turret, Command Center  
  179  11:29  Liberator x2  
  179  11:32  SCV x4  
  183  11:34  Missile Turret  
  183  11:36  Missile Turret  
  183  11:43  Refinery  
  183  11:44  Missile Turret  
  183  11:51  Liberator x2  
  176  12:02  Marauder x3  
  176  12:03  Marine  
  176  12:04  Marine x3  
  188  12:12  Starport, Liberator  
  188  12:13  Starport  
  188  12:14  Command Center  
  185  12:17  Orbital Command  
  185  12:22  Sensor Tower  
  188  12:31  Orbital Command, Command Center  
  188  12:39  Terran Infantry Weapons Level 3  
  188  12:40  Terran Infantry Armor Level 3  
  171  13:15  Viking x4  
  171  13:16  Starport Reactor  
  171  13:17  Starport Reactor  
  178  13:26  Marauder x3  
  178  13:27  Marauder  
  178  13:33  Terran Ship Weapons Level 2  
  175  13:48  Viking, Planetary Fortress  
  169  13:50  Missile Turret  
  166  13:56  Marauder x3  
  166  13:57  Marauder  
  166  13:59  Marine x5  
  179  14:03  Marine  
  179  14:04  Marine  
  179  14:08  Medivac x2, Liberator x3  
  179  14:09  Viking x3  
  191  14:17  Marine x3  
  191  14:19  Refinery  
  191  14:21  Command Center  
  189  14:30  Planetary Fortress  
  188  14:42  Missile Turret  
  188  14:43  Missile Turret  
  188  14:44  Missile Turret  
  185  14:55  Missile Turret x2  
  185  14:56  Missile Turret  
  185  14:57  Sensor Tower, Missile Turret  
  181  15:01  Ghost Academy  
  181  15:03  Marauder x3  
  181  15:04  Marauder  
  181  15:06  Marine x4  
  181  15:07  Marine  
  170  15:22  Marauder  
  170  15:23  Marine  
  170  15:24  Marine x2  
  170  15:25  Marauder x3  
  181  15:39  Missile Turret  
  181  15:42  Missile Turret, Ghost  
  178  15:43  Ghost, Enhanced Shockwaves  
  178  15:45  Ghost x2  
  178  15:48  SCV  
  187  15:53  Orbital Command  
  187  16:06  Ghost  
  187  16:07  Liberator  
  187  16:08  Liberator x3  
  187  16:11  Ghost x2  
  189  16:14  Ghost x2  
  189  16:16  Marine x6  
  189  16:18  Liberator  
  158  16:33  Marine  
  158  16:36  Marauder  
  153  16:40  Marauder  
  153  16:41  Marauder  
  153  16:43  Marauder x2  
  147  16:49  Marine  
  147  16:50  Marine x2  
  147  16:51  Marine x2  
  149  16:57  Medivac, Marauder  
  149  17:01  Marauder  
  146  17:19  Marauder x3  
  146  17:22  Viking x4  
  156  17:23  Marauder  
  156  17:25  Marine x3  
  157  17:41  Medivac x3  
  157  17:42  Viking  
  165  17:45  Orbital Command  
  165  17:50  Marauder  
  165  17:51  Marauder x2  
  171  17:52  Viking x2  
  171  17:55  Missile Turret  
  171  17:56  Marine x4  
  171  17:57  Marine  
  180  17:58  Marine  
  181  18:15  Sensor Tower  
  181  18:22  Viking  
  181  18:23  Viking x2  
  179  18:35  Marauder x4  
  179  18:37  Marine x3  
  179  18:38  Marine x2  
  192  18:43  Liberator  
  192  18:52  Viking x4  
  191  19:04  Liberator x2  
  174  19:16  Marauder x3  
  174  19:17  Marauder, Barracks Tech Lab  
  179  19:18  Barracks Reactor  
  185  19:26  Marine x2  
  187  19:32  Refinery x2  
  187  19:37  Marauder  
  189  19:43  Missile Turret x2  
  178  19:58  SCV x6  
  151  20:08  Command Center  
  155  20:14  Marauder x2  
  155  20:17  Marine x2  
  155  20:20  Marine  
  155  20:21  Marine  
  157  20:43  Marauder x4  
  157  20:47  Marine x2  
Tags
 
Add a new tag
Caveats
  • Supply blocks, unpowered buildings, or Contaminate may cause inaccurate times.
  • Supply counts are checked every 10 seconds.